 Dungeon Crawl Stone Soup version 0.19-a0-1019-g9c6a58d (webtiles) character file.

25 epen the Poker (level 3, -4/29 HPs)
             Began as a Merfolk Chaos Knight on July 25, 2016.
             Engulfed by a steam dragon (glowing shapeshifter)'s steam (10 damage)
             ... on level 2 of the Dungeon.
             The game lasted 00:02:06 (1044 turns).

epen the Poker (Merfolk Chaos Knight)               Turns: 1044, Time: 00:02:08

Health: -4/29      AC:  5    Str: 13    XL:     3   Next: 6%
Magic:  3/3        EV: 15    Int: 11    God:    Xom [......]
Gold:   61         SH:  0    Dex: 13    Spells: 0 memorised, 2 levels left

rFire  . . .     SeeInvis .     a - +0 spear (chaos)
rCold  . . .     Gourm    .     b - +2 leather armour
rNeg   . . .     Faith    .     (no shield)
rPois  .         Spirit   .     (no helmet)
rElec  .         Dismiss  .     (no cloak)
rCorr  .         Reflect  .     (no gloves)
SustAt .         Harm     .     (boots currently unavailable)
MR     .....                    (no amulet)
Stlth  ++........               (no ring)
                                (no ring)

@: very quick, not resistant to hostile enchantments, unstealthy
A: change form in water, swift swim
a: Renounce Religion


You were on level 2 of the Dungeon.
You worshipped Xom.
You were a very special plaything of Xom.
You were not hungry.

You visited 1 branch of the dungeon, and saw 2 of its levels.

You collected 61 gold pieces.

Inventory:

Hand Weapons
 a - a +0 spear of chaos (weapon)
Armour
 b - a +2 leather armour (worn)
Scrolls
 e - a scroll of fear {unknown}
 f - a scroll of random uselessness {unknown}
 h - a scroll of identify {unknown}
 j - a scroll of teleportation {unknown}
Potions
 d - a potion of brilliance {unknown}
 g - a potion of heal wounds {unknown}
 l - a potion of lignification {unknown}
Comestibles
 c - 2 bread rations
 i - a slice of pizza
 k - 5 chunks of flesh


   Skills:
 + Level 3.4 Fighting
 * Level 5.3 Polearms
 * Level 1.2 Armour
 + Level 2.8 Dodging


You had 2 spell levels left.
You didn't know any spells.

Dungeon Overview and Level Annotations

Branches:
Dungeon (2/15)

Altars:
Cheibriados


Message History

The steam dragon is heavily wounded.
The steam dragon misses you. The steam dragon completely misses you.
You closely miss the steam dragon.
The steam dragon is heavily wounded.
You hit the steam dragon.
The steam dragon is heavily wounded.
The steam dragon bites you.
The steam dragon claws you but does no damage.
You closely miss the steam dragon.
The steam dragon is heavily wounded.
The steam dragon breathes steam at you. The ball of steam hits you!
* * * LOW HITPOINT WARNING * * *
You are too injured to fight recklessly!
You hit the steam dragon.
The steam dragon is moving more slowly.
You tail-slap the steam dragon.
The steam dragon is heavily wounded.
You are engulfed in a cloud of scalding steam.
You die...
Xom laughs nastily!

#.###.#.##.# #.#
#.#<...# #.#
#.####.# #.#
#......# #.#
######.# ..# #.# ###
..########.# ##_##
#.>......#.####≈≈≈##
#........#..†#≈≈@≈≈#
#........###†#≈≈D≈≈#
#........##...≈≈≈≈≈#
.........#.....≈≈≈.#
#####.#####.......##
# .# ##.#...##
#####.### #.#####
.(....... #.#
.###..... #h#


You could see a steam dragon shaped shifter (petrifying).

Vanquished Creatures
  A worm (D:2)
  A dart slug (D:2)
  A giant cockroach (D:2)
  2 goblins
  A hobgoblin (D:1)
  4 jackals (D:2)
  A quokka (D:2)
  3 bats (D:1)
  A giant newt (D:2)
  6 rats
21 creatures vanquished.

Notes
Turn   | Place    | Note
-------+----------+-------------------------------------------
     0 | D:1      | epen the Merfolk Chaos Knight began the quest for the Orb.
     0 | D:1      | Reached XP level 1. HP: 18/18 MP: 1/1
   214 | D:1      | XOM: harmless Ice miscast
   407 | D:1      | Reached XP level 2. HP: 24/24 MP: 2/2
   436 | D:1      | XOM: mild Air miscast
   571 | D:1      | XOM: medium Ice miscast
   806 | D:2      | Reached skill level 5 in Polearms
   806 | D:2      | Reached skill level 1 in Armour
   979 | D:2      | Found a snail-covered altar of Cheibriados.
   985 | D:2      | Reached XP level 3. HP: 26/29 MP: 3/3
  1006 | D:2      | Noticed a warg
  1006 | D:2      | a worm changed into a warg
  1006 | D:2      | Noticed a black bear
  1006 | D:2      | a warg changed into a black bear
  1007 | D:2      | Noticed a naga
  1007 | D:2      | a black bear changed into a naga
  1010 | D:2      | Noticed a human
  1010 | D:2      | a naga changed into a human
  1016 | D:2      | Noticed a black bear
  1016 | D:2      | a human changed into a black bear
  1016 | D:2      | XOM: polymorph human -> black bear
  1026 | D:2      | Noticed a tengu
  1026 | D:2      | a black bear changed into a tengu
  1035 | D:2      | Noticed a steam dragon
  1035 | D:2      | a tengu changed into a steam dragon
  1044 | D:2      | Engulfed by a steam dragon (glowing shapeshifter)'s steam

Vault maps used:
D:1:      minmay_arrival_four_houses, corexii_hall_statues_x
D:2:      elyvilon_altar_4, kennysheep_slug_shrine, nicolae_ru_path_of_blood

Skill      XL: |  1  2 |
---------------+-------+-----
Polearms       | 5 |  5.3
Armour         | 1 |  1.2
Fighting       | |  3.4
Dodging        | |  2.8

Action                   || total
-------------------------++-------
Melee: Spear             ||    94
       Tailslap          ||     3
 Stab: Sleeping          ||     2
Armor: Leather armour    ||    18
Dodge: Dodged            ||    30
